 Dungeon Crawl Stone Soup version 0.26.0-16-gc1dbca0489 (webtiles) character file.

Game seed: 8723718524186186457

429 kaeus the Firebug (level 6, 0/32 HPs)
             Began as a Gargoyle Fire Elementalist on Jan 22, 2021.
             Slain by a scorpion (4 damage)
             ... on level 5 of the Dungeon.
             The game lasted 00:05:37 (4828 turns).

kaeus the Firebug (Gargoyle Fire Elementalist)      Turns: 4828, Time: 00:05:38

Health: 0/32       AC:  8    Str: 11    XL:     6   Next: 98%
Magic:  21/21      EV: 11    Int: 18    God:
Gold:   147        SH:  0    Dex: 10    Spells: 12/13 levels left

rFire    + . .     SeeInvis .   l - +1 flail (protect)
rCold    x . .     Faith    .   (no shield)
rNeg     + . .     Spirit   .   m - +1 leather armour
rPois    ∞         Reflect  .   (no helmet)
rElec    +         Harm     .   (no cloak)
rCorr    .         Rampage  .   (no gloves)
Will     .....                  (no boots)
Stlth    ++........             b - amulet of inaccuracy (curse)
HPRegen  0.10/turn              j - ring of fire
MPRegen  0.17/turn              i - ring of magical power

@: no status effects
A: negative energy resistance 1, electricity resistance, unbreathing,
petrification resistance, miasma immunity, AC +4
a: no special abilities


You were on level 5 of the Dungeon.
You visited 1 branch of the dungeon, and saw 5 of its levels.

You collected 147 gold pieces.

Inventory:

Hand Weapons
 l - a +1 flail of protection (weapon)
Armour
 m - a +1 leather armour (worn)
Jewellery
 b - a cursed amulet of inaccuracy (around neck)
 h - an uncursed ring of willpower
 i - a ring of magical power (right hand)
 j - a ring of fire (left hand)
Wands
 k - a wand of acid (6)
Scrolls
 c - 2 scrolls of teleportation
 d - 7 scrolls of identify
 e - a scroll of amnesia
 n - a scroll of fog
Potions
 a - a potion of degeneration {unknown}
 f - a potion of heal wounds
 g - 2 potions of curing {unknown}


   Skills:
 - Level 1.5 Dodging
 - Level 2.1 Stealth
 + Level 4.1 Spellcasting
 + Level 4.4 Conjurations
 + Level 5.0 Fire Magic


You had 12 spell levels left.
You knew the following spells:

 Your Spells              Type           Power        Failure   Level
a - Foxfire               Conj/Fire      100%         2%          1

Your spell library contained the following spells:

 Spells                   Type           Power        Failure   Level
 Conjure Flame            Conj/Fire      30%          9%          3
 Inner Flame              Hex/Fire       19%          21%         3
 Sticky Flame             Conj/Fire      30%          28%         4
 Fireball                 Conj/Fire      15%          61%         5


Dungeon Overview and Level Annotations

Branches:
Dungeon (5/15)
 Temple: D:4-7

Altars:


Innate Abilities, Weirdness & Mutations

You are resistant to torment.
Your stone body is resilient. (AC +4)
You are immune to poison.
You resist negative energy. (rN+)
You are resistant to electric shocks. (rElec)
You can survive without breathing.
You are immune to petrification.
You are immune to miasma.


Message History

There are monsters nearby!
You are too injured to fight recklessly!
There are monsters nearby!
You are too injured to fight recklessly!
There are monsters nearby!
You are too injured to fight recklessly!
You barely miss the scorpion.
The centaur shouts!
The scorpion stings you.
The orc wizard hits you but does no damage.
The scorpion stings you but does no damage.
The orc wizard barely misses you.
You take 5 damage, and have 10/32 hp.
You miss the scorpion. The scorpion stings you.
* * * LOW HITPOINT WARNING * * *
The orc wizard hits you with a +0 dagger.
* * * LOW HITPOINT WARNING * * *
You take 6 damage, and have 4/32 hp.
You miss the scorpion. The scorpion stings you.
You die...

### #.. #.#
#s# #@#
#o#######h
#c........
#.......###.
#.#.###.#
#.#.# .. #
#.# ... #..
.. #.# .


You could see a centaur, a scorpion and an orc wizard.

Vanquished Creatures
  Edmund (D:4)
  An orc priest (D:3)
  An orc wizard (D:3)
  A worker ant (D:4)
  An iguana (D:4)
  5 adders
  3 gnolls (D:4)
  3 oozes
  6 dart slugs
  2 leopard geckos
  7 orcs
  A ball python (D:2)
  10 bats
  4 giant cockroaches
  10 goblins
  6 hobgoblins
  9 jackals
  6 kobolds
  2 quokkas
  4 frilled lizards
  A leopard gecko skeleton (D:4)
  2 rats
86 creatures vanquished.

Vanquished Creatures (others)
  339 foxfires
339 creatures vanquished.

Grand Total: 425 creatures vanquished

Notes
Turn   | Place    | Note
-------+----------+-------------------------------------------
     0 | D:1      | kaeus the Gargoyle Fire Elementalist began the quest for
                  | the Orb.
     0 | D:1      | Reached XP level 1. HP: 10/10 MP: 3/3
   281 | D:1      | Reached XP level 2. HP: 15/15 MP: 0/5
  1298 | D:1      | Reached XP level 3. HP: 12/19 MP: 4/6
  2149 | D:2      | Reached XP level 4. HP: 24/24 MP: 4/8
  2980 | D:3      | Reached XP level 5. HP: 26/28 MP: 7/9
  3158 | D:3      | Reached skill level 4 in Fire Magic
  3578 | D:4      | Reached XP level 6. HP: 32/32 MP: 9/11
  3845 | D:4      | Noticed Edmund
  4005 | D:4      | HP: 1/32 [Edmund/+1 flail of protection (6)]
  4026 | D:4      | Killed Edmund
  4327 | D:4      | Reached skill level 5 in Fire Magic
  4424 | D:5      | Entered Level 5 of the Dungeon
  4828 | D:5      | Slain by a scorpion

Illustrated notes

Levels and vault maps discovered:
D:1:      elethiomel_arrival_maze, layout_basic
D:2:      layout_rooms, serial_glass, glass_columns_b, glass_columns_b,
          feat_on_display, minmay_strange_pillars
D:3:      layout_rooms
D:4:      layout_basic, hangedman_abyss_or_decor_passed, glass_columns_b,
          uniq_edmund
D:5:      layout_loops_ring, kennysheep_mini, minitemple,
          minmay_temple_entry_glassed_door, serial_shops, shop

Skill      XL: |  1  2  3  4  5  6 |
---------------+-------------------+-----
Conjurations   | 2 3 4 |  4.4
Spellcasting   | 3 4 |  4.1
Fire Magic     | 4 5 |  5.0
Dodging        | |  1.5
Stealth        | |  2.1

Action                   |  1- 3 |  4- 6 || total
-------------------------+-------+-------++-------
Melee: Unarmed           |    15 |       ||    15
       Club              |     4 |       ||     4
       Dagger            |    79 |    76 ||   155
       Flail             |       |    17 ||    17
 Cast: Foxfire           |    69 |   164 ||   233
  Use: Scroll            |     2 |     3 ||     5
       Potion            |       |     1 ||     1
Armor: Robe              |    21 |       ||    21
       Leather armour    |       |    80 ||    80
Dodge: Dodged            |    47 |    85 ||   132
